 Dungeon Crawl Stone Soup version 0.31-a0-339-gda1cbd555d (webtiles) character file.

Game seed: 2403799637984922396

121 tkbsonic5 the Trooper (level 5, -2/37 HPs)
             Began as a Gargoyle Fighter on July 20, 2023.
             Slain by a hound (3 damage)
             ... on level 3 of the Dungeon.
             The game lasted 00:05:22 (1893 turns).

tkbsonic5 the Trooper (Gargoyle Fighter)            Turns: 1893, Time: 00:05:23

Health: -2/37      AC: 16    Str: 19 (21) XL:     5   Next: 5%
Magic:  5/5        EV:  9    Int:  6 (9)  God:
Gold:   62         SH:  4    Dex:  8 (9)  Spells: 4/4 levels left

rFire   . . .        a - +2 flail
rCold   . . .        c - +0 buckler
rNeg    + . .        b - +0 scale mail
rPois   ∞            (no helmet)
rElec   +            (no cloak)
rCorr   .            (no gloves)
SInv    .            j - +2 pair of boots
Will    +....        (no amulet) Stlth
                     (no ring)
HPRegen 0.26/turn    (no ring)
MPRegen 0.09/turn

%: random rage (3%)
@: brilliant, enlightened, flying, hasted, very quick
A: sickness immunity, AC +4, negative energy resistance 1, electricity
resistance, torment resistance 1, petrification resistance, iridescent scales 1,
berserk 1, robust 1
a: no special abilities


You were on level 3 of the Dungeon.
You visited 1 branch of the dungeon, and saw 4 of its levels.

You collected 62 gold pieces.

Inventory:

Hand Weapons
 a - a +2 flail (weapon)
 g - a +0 sling
Armour
 b - a +0 scale mail (worn)
 c - a +0 buckler (worn)
 j - a +2 pair of boots (worn)
Scrolls
 f - 2 scrolls of teleportation
 m - a scroll of immolation {unknown}


   Skills:
 + Level 4.4 Fighting
 * Level 4.2 Maces & Flails
 - Level 3.2 Armour
 - Level 3.2 Shields


You had 4 spell levels left.
You didn't know any spells.
Your spell library contained the following spells:

 Spells                   Type           Power      Damage    Failure   Level
 Petrify                  Tmut/Erth      0%         N/A       100%        4
 Irradiate                Conj/Tmut      0%         3d11      100%        5
 Sublimation of Blood     Necr           Unusable   N/A       N/A         2

Dungeon Overview and Level Annotations

Branches:
Dungeon (4/15)
 Temple: D:4-7

Altars:

Shops:
D:2 (

Annotations:
D:2 2 transporters


Innate Abilities, Weirdness & Mutations

You are immune to sickness and miasma.
Your stone body is resilient. (AC +4)
You are immune to poison.
You resist negative energy. (rN+)
You are resistant to electric shocks. (rElec)
You are resistant to unholy torment.
You are immune to petrification.
You are partially covered in iridescent scales. (AC +2)
You sometimes lose your temper in combat.
You are robust. (+10% HP)


Message History

You have reached level 5!
It was a potion of magic.
Magic courses through your body. The hound barely misses you.
The goblin hits you but does no damage. The white imp barely misses you.
It was a potion of mutation.
You feel extremely strange.
You feel a little pissed off.
You feel robust.
Iridescent scales grow over part of your body.
You feel a little less mighty now. The hound bites you but does no damage.
The goblin hits you but does no damage. The hound barely misses you.
The white imp gestures at you.
The puff of frost hits you but does no damage.
It was a potion of brilliance.
You feel clever all of a sudden. The hound closely misses you.
The goblin hits you but does no damage. The white imp puffs mist at you.
You block the white imp's attack.
It was a potion of haste.
You feel yourself speed up. The hound completely misses you.
The goblin hits you but does no damage. The hound bites you.
* * * LOW HITPOINT WARNING * * *
The white imp gestures at you. The puff of frost misses you.
It was a potion of degeneration.
There was something very wrong with that liquid.
You feel weakened.
You feel dopey.
You feel clumsy. The hound bites you but does no damage.
The goblin hits you but does no damage.
It was a potion of enlightenment.
You feel very buoyant.
You fly up into the air.
The white imp barely misses you. The hound barely misses you.
You barely miss the white imp. You block the goblin's attack.
The hound bites you but does no damage. The white imp gestures at you.
The puff of frost hits you.
* * * LOW HITPOINT WARNING * * *
You sock the white imp!
The white imp is almost dead.
The hound bites you.
You die...

..............#
.......)......#
.......)......######
...................#
#.....#............#
#######............#
#................#
###....##......g.5.#
.))..####.......@h.#
..#### ############
..# ..# <.# ..# ..#
..# ..#


You could see a hound, a white imp and a goblin.

Vanquished Creatures
  An orc wizard (D:3)
  2 adders (D:3)
  A white imp (D:3)
  2 ufetubi (D:3)
  4 orcs (D:3)
  7 ball pythons
  6 endoplasms
  4 giant cockroaches
  2 hobgoblins (D:1)
  3 kobolds
  A quokka (D:3)
  4 bats
  8 frilled lizards
  7 goblins
  5 rats
57 creatures vanquished.

Notes
Turn   | Place    | Note
-------+----------+-------------------------------------------
     0 | D:1      | tkbsonic5 the Gargoyle Fighter began the quest for the Orb.
     0 | D:1      | Reached XP level 1. HP: 14/14 MP: 1/1
   134 | D:1      | Reached XP level 2. HP: 19/19 MP: 2/2
   778 | D:2      | Reached XP level 3. HP: 23/24 MP: 3/3
  1089 | D:2      | Found a transporter.
  1091 | D:2      | Found Jeklimad's Weapon Boutique.
  1156 | D:2      | Found a transporter.
  1335 | D:3      | Reached XP level 4. HP: 27/29 MP: 4/4
  1813 | D:4      | Noticed a scorpion
  1886 | D:3      | Reached XP level 5. HP: 5/34 MP: 5/5
  1887 | D:3      | Gained mutation: You sometimes lose your temper in combat.
                  | [potion of mutation]
  1887 | D:3      | Gained mutation: You are robust. (+10% HP) [potion of
                  | mutation]
  1887 | D:3      | Gained mutation: You are partially covered in iridescent
                  | scales. (AC +2) [potion of mutation]
  1892 | D:3      | HP: 1/37 [white imp/puff of frost (2)]
  1893 | D:3      | Slain by a hound

Illustrated notes

Levels and vault maps discovered:
D:1:      lightli_arrival_boilingwater, layout_rooms, minmay_tree_intersection,
          kennysheep_crisscross
D:2:      layout_basic, serial_shops, nicolae_shop_drivethru,
          minmay_misc_feat_chi
D:3:      layout_rooms, dk_noncrumbling_4
D:4:      layout_gridville, serial_demonic, serial_demonic_c, serial_demonic_g,
          serial_demonic_d, serial_demonic_b, serial_demonic_e,
          serial_demonic_a, serial_demonic_f, serial_demonic_a,
          serial_demonic_f, serial_demonic_f

Skill      XL: |  1  2  3  4 |
---------------+-------------+-----
Maces & Flails | 3 4 |  4.2
Fighting       | 4 |  4.4
Armour         | |  3.2
Shields        | |  3.2

Action                     |  1- 3 |  4- 6 || total
---------------------------+-------+-------++-------
  Melee: Flail             |    54 |    69 ||   123
         Mace              |    59 |       ||    59
    Use: Scroll            |     7 |     1 ||     8
         Potion            |     1 |     7 ||     8
 Armour: Scale mail        |    73 |    71 ||   144
  Dodge: Dodged            |    59 |    80 ||   139
  Block: Buckler           |    19 |    28 ||    47

Table legend: (Time is in decaauts)
 A = Elapsed time spent in this place.
 B = Non-inter-level travel time spent in this place.
 C = Inter-level travel time spent in this place.
 D = Time resting spent in this place.
 E = Time spent auto-exploring this place.
 F = Levels seen in this place.
 G = Mean time per level.
                   A        B        C        D        E       F      G
               +--------+--------+--------+--------+--------+-----+--------+
         Total |   1945 |   1920 |     25 |    305 |   1111 |   4 |  486.2 |
       Dungeon |   1945 |   1920 |     25 |    305 |   1111 |   4 |  486.2 |
               +--------+--------+--------+--------+--------+-----+--------+

Top non-repeatable levels by time:
     D:1: 785 daAuts
     D:3: 581 daAuts
     D:2: 558 daAuts
     D:4: 19 daAuts
